 Dungeon Crawl Stone Soup version 0.24-a0-269-g32ec7ca (webtiles) character file.

Game seed: 6381197066239784773

440 Firecrotchwizard the Shield-Bearer (level 7, -7/59 HPs)
             Began as a Gnoll Fighter on Apr 23, 2019.
             Mangled by a centaur (8 damage)
             ... on level 5 of the Dungeon.
             The game lasted 00:05:51 (4127 turns).

Firecrotchwizard the Shield-Bearer (Gnoll Fighter)  Turns: 4127, Time: 00:05:52

Health: -7/59      AC: 10    Str: 18    XL:     7   Next: 2%
Magic:  19/19      EV:  9    Int: 13    God:
Gold:   275        SH: 10    Dex: 14    Spells: 10/10 levels left

rFire    . . .     SeeInvis .     - Unarmed
rCold    . . .     Gourm    .   b - +0 shield
rNeg     . . .     Faith    .   a - +0 scale mail
rPois    .         Spirit   .   s - +1 helmet
rElec    .         Reflect  .   (no cloak)
rCorr    .         Harm     .   (no gloves)
MR       .....                  (no boots)
Stlth    +.........             (no amulet)
HPRegen  0.19/turn              y - ring of magical power {MP+9}
MPRegen  0.16/turn              (no ring)

@: no status effects
A: distributed training, fangs 1, strong nose
a: no special abilities


You were on level 5 of the Dungeon.
You were hungry.

You visited 1 branch of the dungeon, and saw 5 of its levels.

You collected 275 gold pieces.

Inventory:

Armour
 a - a +0 scale mail (worn)
 b - a +0 shield (worn)
 s - a +1 helmet (worn)
   (You found it on level 2 of the Dungeon)
Jewellery
 y - a ring of magical power (left hand) {MP+9}
   (You found it on level 3 of the Dungeon)
Wands
 A - a wand of paralysis (5)
   (You found it on level 4 of the Dungeon)
 C - a wand of random effects (22)
   (You found it on level 4 of the Dungeon)
Scrolls
 e - a scroll of enchant armour {unknown}
 f - a scroll of fear {unknown}
 h - 2 scrolls of blinking {unknown}
 l - a scroll of teleportation {unknown}
 m - 4 scrolls of identify {unknown}
 o - a scroll of enchant weapon {unknown}
 p - 2 scrolls of immolation {unknown}
 q - a scroll of magic mapping {unknown}
 v - 2 scrolls of fog {unknown}
 x - a scroll of random uselessness {unknown}
Potions
 c - 4 potions of might
 g - 3 potions of curing {unknown}
 i - a potion of cancellation {unknown}
 j - 3 potions of ambrosia {unknown}
 k - 2 potions of berserk rage {unknown}
 n - 3 potions of lignification {unknown}
 r - a potion of magic {unknown}
 t - a potion of brilliance {unknown}
 u - a potion of mutation {unknown}
 w - a potion of degeneration {unknown}
 z - a potion of heal wounds {unknown}
Comestibles
 d - 9 rations
 B - 3 chunks of flesh {@w0}


   Skills:
 + Level 6.9 Fighting
 + Level 2.1 Short Blades
 + Level 2.1 Long Blades
 + Level 2.1 Axes
 + Level 2.1 Maces & Flails
 + Level 2.1 Polearms
 + Level 2.1 Staves
 + Level 2.1 Slings
 + Level 2.1 Bows
 + Level 2.1 Crossbows
 + Level 2.1 Throwing
 + Level 6.9 Armour
 + Level 2.1 Dodging
 + Level 2.1 Stealth
 + Level 6.9 Shields
 + Level 5.1 Unarmed Combat
 + Level 2.1 Spellcasting
 + Level 1.7 Conjurations
 + Level 1.7 Hexes
 + Level 1.7 Charms
 + Level 1.7 Summonings
 + Level 1.7 Necromancy
 + Level 1.7 Translocations
 + Level 1.7 Transmutations
 + Level 1.7 Fire Magic
 + Level 1.7 Ice Magic
 + Level 1.7 Air Magic
 + Level 1.7 Earth Magic
 + Level 1.7 Poison Magic
 + Level 2.4 Invocations
 + Level 2.1 Evocations


You had 10 spell levels left.
You didn't know any spells.
Your spell library was empty.

Dungeon Overview and Level Annotations

Branches:
Dungeon (5/15)
 Temple: D:4-7

Altars:

Shops:
D:4 %


Innate Abilities, Weirdness & Mutations

Your experience applies equally to all skills.
You have very sharp teeth.
Your uncanny sense of smell can sniff out nearby items.


Message History

The helpless ogre fails to defend itself.
You punch the ogre!
The howler monkey hits you but does no damage.
The helpless ogre fails to defend itself.
You hit the ogre.
The howler monkey hoots and howls with incredible vigour!
You block the howler monkey's attack.
You hear an angry hiss. x2
The helpless ogre fails to defend itself.
You hit the ogre. The howler monkey hits you.
You take 1 damage, and have 52/53 hp.
The helpless ogre fails to defend itself.
You hit the ogre. The howler monkey hits you.
You take 1 damage, and have 51/53 hp.
The helpless ogre fails to defend itself.
You hit the ogre. The howler monkey hits you.
You take 4 damage, and have 47/53 hp.
The helpless ogre fails to defend itself.
You hit the ogre.
A centaur comes into view.
You block the howler monkey's attack.
The helpless ogre fails to defend itself.
You hit the ogre.
The centaur shouts!
The howler monkey barely misses you.
The helpless ogre fails to defend itself.
You hit the ogre.
The howler monkey hoots and howls with incredible vigour!
The howler monkey hits you.
You hear an angry hiss.
You take 2 damage, and have 46/53 hp.
The helpless ogre fails to defend itself.
You hit the ogre.
The howler monkey hits you but does no damage.
The helpless ogre fails to defend itself.
You hit the ogre.
The ogre is no longer paralysed.
The ogre hits you with a +0 giant club!!
The howler monkey misses you.
You take 20 damage, and have 26/53 hp.
MASSIVE DAMAGE!!
You hit the ogre.
You kill the ogre!
You have reached level 7!
The centaur wields a +0 shortbow.
The centaur shoots an arrow.
The arrow barely misses you. You block the howler monkey's attack.
You regained 3 hp, and now have 29/59 hp.
MP restored: 19 The centaur unwields a +0 shortbow.
The centaur hits you. You block the centaur's attack.
There is an open door here.
Things that are here:
a +0 giant club; an ogre corpse You take 5 damage, and have 24/59 hp.
You hit the centaur. You block the howler monkey's attack.
You block the centaur's attack. The howler monkey misses you.
You hit the centaur. Your bite misses the centaur.
The centaur hits you but does no damage.
The howler monkey hoots and howls with incredible vigour!
You block the centaur's attack.
You hear an angry hiss.
You barely miss the centaur. You block the centaur's attack.
The howler monkey barely misses you.
You hit the centaur but do no damage.
The centaur hits you but does no damage.
The howler monkey hits you but does no damage.
You hit the centaur. The centaur barely misses you.
You block the howler monkey's attack. You block the centaur's attack.
You are feeling hungry.
You hit the centaur.
The howler monkey hits you but does no damage.
The centaur hits you.
You take 2 damage, and have 23/59 hp.
You closely miss the centaur.
The centaur hits you but does no damage.
You block the howler monkey's attack. You block the centaur's attack.
You hit the howler monkey. The howler monkey barely misses you.
The centaur hits you!
* * * LOW HITPOINT WARNING * * *
You block the howler monkey's attack.
You take 7 damage, and have 16/59 hp.
You hit the howler monkey. The centaur hits you!
* * * LOW HITPOINT WARNING * * *
The howler monkey hits you but does no damage.
The centaur completely misses you.
You take 8 damage, and have 8/59 hp.
You hit the howler monkey. The centaur hits you.
* * * LOW HITPOINT WARNING * * *
The howler monkey barely misses you.
You take 6 damage, and have 2/59 hp.
You barely miss the howler monkey. You block the centaur's attack.
The howler monkey hits you but does no damage.
You closely miss the howler monkey. The centaur hits you.
* * * LOW HITPOINT WARNING * * *
The howler monkey hoots and howls with incredible vigour!
The centaur barely misses you.
You hear an angry hiss.
You take 2 damage, and have 1/59 hp.
You hit the howler monkey. The howler monkey closely misses you.
The centaur hits you!
You die...

(. ∆ ............ .# #..###..###
##.# #..###..### ..h #..#.>.....
.. ∆#..#....... #.# #..##...###
###+######.############..###'####
...........#....#................
...........#(..h@c...............
..........h#....#..##....##....##
....)....>.#....#..##....##....#
...........##..##(.##....##....#
##+######..######..##....##....#
#..##.......+.....#......
#...h.......#.....+......
#...........#.....#......
#..##..########..##


You could see a centaur and a howler monkey.

Vanquished Creatures
  An ogre (D:5)
  A howler monkey (D:4)
  A jelly (D:5)
  2 orc wizards
  3 worker ants (D:4)
  A hound skeleton (D:4)
  A howler monkey skeleton (D:4)
  7 adders
  3 oozes
  2 worms (D:2)
  2 dart slugs
  2 leopard geckos
  4 orcs
  2 giant cockroaches
  5 goblins
  6 hobgoblins
  5 jackals
  7 kobolds
  2 quokkas (D:4)
  A bat (D:1)
  2 frilled lizards
  A leopard gecko skeleton (D:4)
  4 rats
65 creatures vanquished.

Notes
Turn   | Place    | Note
-------+----------+-------------------------------------------
     0 | D:1      | Firecrotchwizard the Gnoll Fighter began the quest for the
                  | Orb.
     0 | D:1      | Reached XP level 1. HP: 23/23 MP: 1/1
   516 | D:1      | Reached XP level 2. HP: 25/29 MP: 2/2
   993 | D:2      | Reached XP level 3. HP: 23/35 MP: 3/3
  1646 | D:2      | Reached skill level 1 in Invocations
  1903 | D:3      | Reached skill level 1 in Short Blades
  1903 | D:3      | Reached skill level 1 in Long Blades
  1903 | D:3      | Reached skill level 1 in Axes
  1903 | D:3      | Reached skill level 1 in Maces & Flails
  1903 | D:3      | Reached skill level 1 in Polearms
  1903 | D:3      | Reached skill level 1 in Staves
  1903 | D:3      | Reached skill level 1 in Slings
  1903 | D:3      | Reached skill level 1 in Bows
  1903 | D:3      | Reached skill level 1 in Crossbows
  1903 | D:3      | Reached skill level 1 in Throwing
  1903 | D:3      | Reached skill level 1 in Dodging
  1903 | D:3      | Reached skill level 1 in Stealth
  1903 | D:3      | Reached skill level 1 in Spellcasting
  1903 | D:3      | Reached skill level 1 in Evocations
  1903 | D:3      | Reached XP level 4. HP: 36/41 MP: 5/5
  2143 | D:3      | Reached skill level 1 in Conjurations
  2143 | D:3      | Reached skill level 1 in Hexes
  2143 | D:3      | Reached skill level 1 in Charms
  2143 | D:3      | Reached skill level 1 in Summonings
  2143 | D:3      | Reached skill level 1 in Necromancy
  2143 | D:3      | Reached skill level 1 in Translocations
  2143 | D:3      | Reached skill level 1 in Transmutations
  2143 | D:3      | Reached skill level 1 in Fire Magic
  2143 | D:3      | Reached skill level 1 in Ice Magic
  2143 | D:3      | Reached skill level 1 in Air Magic
  2143 | D:3      | Reached skill level 1 in Earth Magic
  2143 | D:3      | Reached skill level 1 in Poison Magic
  2164 | D:3      | Reached XP level 5. HP: 29/47 MP: 6/6
  2644 | D:3      | Found a faded altar of an unknown god.
  2952 | D:4      | Found Reaclis's Food Shoppe.
  3305 | D:4      | Reached XP level 6. HP: 49/53 MP: 8/8
  3370 | D:4      | Reached skill level 2 in Invocations
  3920 | D:4      | Reached skill level 5 in Unarmed Combat
  3930 | D:4      | Reached skill level 2 in Short Blades
  3930 | D:4      | Reached skill level 2 in Long Blades
  3930 | D:4      | Reached skill level 2 in Axes
  3930 | D:4      | Reached skill level 2 in Maces & Flails
  3930 | D:4      | Reached skill level 2 in Polearms
  3930 | D:4      | Reached skill level 2 in Staves
  3930 | D:4      | Reached skill level 2 in Slings
  3930 | D:4      | Reached skill level 2 in Bows
  3930 | D:4      | Reached skill level 2 in Crossbows
  3930 | D:4      | Reached skill level 2 in Throwing
  3930 | D:4      | Reached skill level 2 in Dodging
  3930 | D:4      | Reached skill level 2 in Stealth
  3930 | D:4      | Reached skill level 2 in Spellcasting
  3930 | D:4      | Reached skill level 2 in Evocations
  4016 | D:5      | Entered Level 5 of the Dungeon
  4113 | D:5      | Reached XP level 7. HP: 29/59 MP: 10/10
  4123 | D:5      | HP: 8/59 [centaur (8)]
  4124 | D:5      | HP: 2/59 [centaur (6)]
  4127 | D:5      | Mangled by a centaur

Levels and vault maps discovered:
D:1:      elethiomel_arrival_shortcut, layout_basic
D:2:      layout_loops_corners
D:3:      layout_rooms, chequers_ecumenical_altar_simple_redux, serial_rivers,
          chequers_serial_rivers_marsh, chequers_serial_rivers_large_a,
          chequers_serial_rivers_large_b, chequers_serial_rivers_small_b
D:4:      layout_cave_pods, serial_shops, shop
D:5:      layout_gridville, first_ration, nemelex_spade_bored_becter

Skill      XL: |  1  2  3  4  5  6 |
---------------+-------------------+-----
Invocations    | 1 2 |  2.4
Short Blades   | 1 2 |  2.1
Long Blades    | 1 2 |  2.1
Axes           | 1 2 |  2.1
Maces & Flails | 1 2 |  2.1
Polearms       | 1 2 |  2.1
Staves         | 1 2 |  2.1
Slings         | 1 2 |  2.1
Bows           | 1 2 |  2.1
Crossbows      | 1 2 |  2.1
Throwing       | 1 2 |  2.1
Dodging        | 1 2 |  2.1
Stealth        | 1 2 |  2.1
Spellcasting   | 1 2 |  2.1
Evocations     | 1 2 |  2.1
Conjurations   | 1 |  1.7
Hexes          | 1 |  1.7
Charms         | 1 |  1.7
Summonings     | 1 |  1.7
Necromancy     | 1 |  1.7
Translocations | 1 |  1.7
Transmutations | 1 |  1.7
Fire Magic     | 1 |  1.7
Ice Magic      | 1 |  1.7
Air Magic      | 1 |  1.7
Earth Magic    | 1 |  1.7
Poison Magic   | 1 |  1.7
Unarmed Combat | 5 |  5.1
Fighting       | |  6.9
Armour         | |  6.9
Shields        | |  6.9

Action                   |  1- 3 |  4- 6 |  7- 9 || total
-------------------------+-------+-------+-------++-------
Melee: Unarmed           |    81 |   233 |    13 ||   327
       Bite              |     6 |    27 |       ||    33
Evoke: Wand              |       |     1 |       ||     1
 Stab: Paralysed         |       |    11 |       ||    11
  Eat: Chunk             |     3 |     7 |       ||    10
Armor: Scale mail        |    19 |    82 |     7 ||   108
Dodge: Dodged            |    14 |    79 |     9 ||   102
Block: Shield            |    37 |   114 |    12 ||   163

Table legend:
 A = Non-vault XP
 B = Vault XP
 C = Vault XP percentage of total XP
 D = Non-vault monster count
 E = Vault monster count
 F = Vault count percentage of total count
                 A         B        C        D         E       F
            +---------+---------+-------+---------+---------+-------
      Total |     629 |       0 |   0.0 |      65 |       0 |   0.0
            +---------+---------+-------+---------+---------+-------
        D:1 |      26 |       0 |   0.0 |      14 |       0 |   0.0
        D:2 |      84 |       0 |   0.0 |      12 |       0 |   0.0
        D:3 |     110 |       0 |   0.0 |      19 |       0 |   0.0
        D:4 |     245 |       0 |   0.0 |      18 |       0 |   0.0
        D:5 |     164 |       0 |   0.0 |       2 |       0 |   0.0
            +---------+---------+-------+---------+---------+-------

Levels and vault maps discovered:
D:1:      elethiomel_arrival_shortcut, layout_basic
D:2:      layout_loops_corners
D:3:      layout_rooms, chequers_ecumenical_altar_simple_redux, serial_rivers,
          chequers_serial_rivers_marsh, chequers_serial_rivers_large_a,
          chequers_serial_rivers_large_b, chequers_serial_rivers_small_b
D:4:      layout_cave_pods, serial_shops, shop
D:5:      layout_gridville, first_ration, nemelex_spade_bored_becter

Table legend:
 A = Turns spent in this place as a percentage of turns spent in the entire game.
 B = Non-inter-level travel turns spent in this place as a percentage of non-inter-level travel turns spent in the entire game.
 C = Inter-level travel turns spent in this place as a percentage of turns spent in this place.
 D = Turns resting spent in this place as a percentage of non-inter-level travel turns spent in this place.
 E = Turns spent auto-exploring this place as a percentage of non-inter-level travel turns spent in this place.
 F = Non-inter-level travel turns spent in this place divided by the number of levels of this place that you've seen.
                   A       B       C       D       E      F
               +-------+-------+-------+-------+-------+----------------------
         Total | 100.0 | 100.0 |   5.4 |  18.7 |  65.6 | 781.2
       Dungeon | 100.0 | 100.0 |   5.4 |  18.7 |  65.6 | 781.2
               +-------+-------+-------+-------+-------+----------------------

Table legend:
 A = Kills in this place as a percentage of kills in entire the game.
 B = Kills by you in this place as a percentage of kills by you in the entire game.
 C = Kills by friends in this place as a percentage of kills by friends in the entire game.
 D = Other kills in this place as a percentage of other kills in the entire game.
 E = Experience gained in this place as a percentage of experience gained in the entire game.
 F = Experience gained in this place divided by the number of levels of this place that you have seen.
                   A       B       C       D       E      F
               +-------+-------+-------+-------+-------+----------------------
         Total | 100.0 | 100.0 |   N/A |   N/A | 100.0 | 125.8
       Dungeon | 100.0 | 100.0 |   N/A |   N/A | 100.0 | 125.8
               +-------+-------+-------+-------+-------+----------------------
